 Dungeon Crawl Stone Soup version 0.31-a0-1074-g0b22e4e0f1 (webtiles) character file.

Game seed: 4082867283764887436

4421 bmb222 the Cleaver (level 10, -9/73 (74) HPs)
             Began as a Demonspawn Gladiator on Nov 29, 2023.
             Was a Priest of Okawaru.
             Killed by vampiric draining
             ... invoked by a vampire
              (18 damage)
             ... on level 9 of the Dungeon.
             The game lasted 00:13:36 (7768 turns).

bmb222 the Cleaver (Demonspawn Gladiator)           Turns: 7768, Time: 00:13:37

HP:   -9/73 (74)    AC: 22    Str: 25    XL:     10   Next: 14%
MP:   12/12         EV:  9    Int:  9    God:    Okawaru [***...]
Gold: 595           SH: 12    Dex: 15    Spells: 9/9 levels left

rFire   . . .        a - +0 war axe
rCold   . . .        p - +0 tower shield
rNeg    . . .        B - +1 swamp dragon scales
rPois   +            (helmet restricted)
rElec   .            m - +0 cloak
rCorr   .            u - +0 pair of gloves
SInv    .            F - +0 pair of boots
Will    .....        w - amulet of regeneration
Stlth   +            x - ring of poison resistance
HPRegen 1.12/turn    n - +6 ring of strength
MPRegen 0.13/turn

%: no passive effects
@: sanguine armoured, lightly drained
A: horns 1, foul stench 1, sanguine armour 2
a: Renounce Religion, Heroism


You were on level 9 of the Dungeon.
You worshipped Okawaru.
Okawaru was most pleased with you.
You visited 2 branches of the dungeon, and saw 10 of its levels.

You collected 595 gold pieces.

Inventory:

Hand Weapons
 a - a +0 war axe (weapon)
Missiles
 d - 3 throwing nets
 e - a javelin
 t - 17 poisoned darts (quivered)
Armour
 b - a +0 leather armour
 c - a +0 helmet
 f - a +7 chain mail of ponderousness
 h - a +0 scale mail
 m - a +0 cloak (worn)
 p - a +0 tower shield (worn)
 u - a +0 pair of gloves (worn)
 B - +1 swamp dragon scales (worn)
 F - a +0 pair of boots (worn)
Jewellery
 n - a +6 ring of strength (right hand)
 w - an amulet of regeneration (around neck)
 x - a ring of poison resistance (left hand)
 y - a ring of willpower
 D - an amulet of the acrobat
Talismans
 v - a blade talisman
Wands
 g - a wand of charming (10)
Scrolls
 j - a scroll of identify
 k - 2 scrolls of poison
 o - a scroll of vulnerability
 r - 2 scrolls of teleportation
 s - 2 scrolls of revelation
 z - 2 scrolls of fear
Potions
 i - a potion of invisibility
 l - a potion of mutation
 q - 3 potions of degeneration
 A - a potion of resistance
 C - a potion of berserk rage {unknown}


   Skills:
 + Level 5.0 Fighting
 * Level 10.6 Axes
 + Level 2.5 Throwing
 * Level 6.1 Armour
 - Level 2.6 Dodging
 - Level 0.4 Stealth
 * Level 2.6 Shields
 * Level 3.9 Invocations


You had 9 spell levels left.
You didn't know any spells.
Your spell library contained the following spells:

 Spells                   Type           Power      Damage    Failure   Level
 Kiss of Death            Conj/Necr      0%         2d5       98%         1
 Slow                     Hex            0%         N/A       98%         1
 Confusing Touch          Hex            0%         N/A       100%        3
 Sigil of Binding         Hex            0%         N/A       100%        3
 Vampiric Draining        Necr           0%         2d6       100%        3
 Dispel Undead            Necr           0%         3d6       100%        4
 Passage of Golubria      Tloc           0%         N/A       100%        4
 Lee's Rapid Deconstruct  Erth           0%         3d4*      100%        5
 Yara's Violent Unravell  Hex/Tmut       0%         3d3       100%        5
 Tukima's Dance           Hex            Unusable   N/A       N/A         3
 Animate Armour           Summ/Erth      Unusable   N/A       N/A         4
 Summon Lightning Spire   Summ/Air       Unusable   N/A       N/A         4

Dungeon Overview and Level Annotations

Branches:
Dungeon (9/15)             Temple (1/1) D:6            Lair (0/5) D:8
    Orc: D:9-12

Altars:
Ashenzari
Cheibriados
Dithmenos
Fedhas
Gozag
Hepliaklqana
Kikubaaqudgha
Nemelex Xobeh
Okawaru
Qazlal
Ru
Sif Muna
Trog
Wu Jian
Xom
Yredelemnul

Shops:
D:3 *   D:5 :   D:8 =

Annotations:
D:9 Erolcha, Prince Ribbit


Innate Abilities, Weirdness & Mutations

You have a pair of small horns on your head.
You may rarely emit foul miasma when damaged in melee.
When seriously injured, your blood forms thick armour. (AC +9)


Message History

The vampire is moderately damaged.
You block the vampire's attack. x2
You hit the vampire.
The vampire is moderately damaged.
The sentinel's mark upon you fades away.
The vampire hits you! You block the vampire's attack.
An orc comes into view. It is wielding a +0 hand axe.
You block the vampire's attack. x2
You slash the vampire! You headbutt the vampire.
The vampire is severely damaged.
The vampire gestures wildly while chanting.
The vampire flickers and vanishes!
You closely miss something.
You hear some strange, mumbled words.
Something tries to affect you, but you resist.
The kobold throws a stone.
You block the stone.
An orc wizard comes into view. It is wielding a +0 dagger.
You barely miss something. Your headbutt misses something. Something hits you!
You emit a cloud of foul miasma!
Something bites you.
Something draws strength from your injuries!
The kobold throws a stone.
You block the stone. Something hits you. Something bites you.
Something draws strength from your injuries!
You barely miss something. Something draws life force from you!
Your blood congeals into armour.
You slash something! Something draws life force from you!
The kobold throws a stone.
You block the stone.
You slash something! You headbutt something. Something hits you.
Something bites you but does no damage.
You barely miss something. Something hits you. You block something's attack.
The kobold throws a stone.
The stone barely misses you. You block something's attack.
Something bites you but does no damage.
You closely miss something. You headbutt something.
The orc wizard casts a spell.
The orc wizard flickers and vanishes!
The orc priest mumbles some strange prayers to Beogh against you.
Beogh smites you!
* * * LOW HITPOINT WARNING * * *
Something draws life force from you!!
You die...

# #### ##.#...####
........#.###
............##
....#...#....#
..........#.####
..............K#.##
...........!{KF{@.#
.........##o#K##.##
.......#.#..o#####
....#.#....o..
.........K.....
.......#.##.#.##
...... .. .####
..... .. .V .....


You could see Prince Ribbit, an orc priest and 3 kobolds.

Vanquished Creatures
  Joseph (D:7)
  An elephant (D:8)
  Maggie (D:7)
  Grinder (D:5)
  A wyvern (D:8)
  Grum (D:9)
  Duvessa (D:6)
  3 black bears
  An ice beast (D:7)
  2 ogres
  3 wolves (D:9)
  A kobold brigand (D:8)
  2 phantoms
  3 bullfrogs
  3 scorpions
  8 wights
  Dowan (D:6)
  6 killer bees
  2 howler monkeys
  4 hounds
  4 orc priests
  A gnoll bouda (D:4)
  2 jellies
  2 sleepcaps
  2 iguanas
  5 orc wizards
  6 gnolls
  4 adders
  A shadow imp (D:7)
  2 ufetubi (D:7)
  A worm (D:5)
  2 dart slugs
  19 orcs
  4 ball pythons
  7 endoplasms
  7 giant cockroaches
  6 goblins (D:1)
  7 hobgoblins
  4 quokkas
  3 bats
  14 kobolds
  9 rats
158 creatures vanquished.

Notes
Turn   | Place    | Note
-------+----------+-------------------------------------------
     0 | D:1      | bmb222 the Demonspawn Gladiator began the quest for the
                  | Orb.
     0 | D:1      | Reached XP level 1. HP: 16/16 MP: 1/1
    98 | D:1      | Reached skill level 3 in Axes
   124 | D:1      | Gained mutation: You have a pair of small horns on your
                  | head. [demonic ancestry]
   124 | D:1      | Reached XP level 2. HP: 22/22 MP: 2/2
   484 | D:1      | Reached XP level 3. HP: 27/27 MP: 3/3
  1604 | D:3      | Reached skill level 1 in Armour
  1671 | D:3      | Reached skill level 4 in Axes
  2019 | D:3      | Gained mutation: You may rarely emit foul miasma when
                  | damaged in melee. [demonic ancestry]
  2019 | D:3      | Reached XP level 4. HP: 33/33 MP: 4/4
  2024 | D:3      | Found a shimmering altar of Xom.
  2026 | D:3      | Found a shimmering altar of Xom.
  2026 | D:3      | Found an ornate altar of the Wu Jian Council.
  2028 | D:3      | Found an iron altar of Okawaru.
  2028 | D:3      | Found a bloodstained altar of Trog.
  2064 | D:3      | Found Juwataus's Assorted Antiques.
  2483 | D:4      | Noticed a phantom
  2496 | D:4      | Killed a phantom
  2497 | D:4      | Reached XP level 5. HP: 35/38 MP: 5/5
  2587 | D:4      | Reached skill level 5 in Axes
  2623 | D:4      | You fall into a shaft and drop 2 floors!
  2723 | D:6      | Gained mutation: When seriously injured, your blood forms
                  | armour. (AC +9) [demonic ancestry]
  2723 | D:6      | Reached XP level 6. HP: 25/44 MP: 6/6
  2988 | D:6      | Noticed Duvessa
  2988 | D:6      | Noticed Dowan
  3010 | D:6      | Killed Dowan
  3032 | D:6      | Killed Duvessa
  3033 | D:6      | Reached skill level 6 in Axes
  3088 | D:5      | Entered Level 5 of the Dungeon
  3251 | D:6      | Found a staircase to the Ecumenical Temple.
  3257 | Temple   | Entered the Ecumenical Temple
  3351 | D:4      | Noticed Grinder
  3366 | D:5      | Killed Grinder
  3367 | D:5      | Reached XP level 7. HP: 38/51 MP: 7/7
  3557 | D:4      | Found a bloodstained altar of Trog.
  3570 | D:4      | Reached skill level 7 in Axes
  3749 | D:4      | Found an ancient bone altar of Kikubaaqudgha.
  4012 | D:5      | Found a snail-covered altar of Cheibriados.
  4085 | D:5      | Gained mutation: When seriously injured, your blood forms
                  | thick armour. (AC +9) [demonic ancestry]
  4085 | D:5      | Reached XP level 8. HP: 44/58 MP: 8/8
  4257 | D:5      | Reached skill level 8 in Axes
  4308 | D:5      | Found Duruyd's Book Emporium.
  4677 | D:6      | Found an iron altar of Okawaru.
  4693 | D:6      | Became a worshipper of Warmaster Okawaru
  5217 | D:7      | Noticed Joseph
  5244 | D:7      | Killed Joseph
  5245 | D:7      | Reached skill level 9 in Axes
  5245 | D:7      | Reached skill level 5 in Armour
  5245 | D:7      | Reached XP level 9. HP: 44/65 MP: 9/9
  5333 | D:7      | Noticed Maggie
  5364 | D:7      | Killed Maggie
  5365 | D:7      | Reached skill level 1 in Invocations
  5483 | D:7      | Reached * piety under Okawaru
  5527 | D:7      | Found a blossoming altar of Fedhas.
  6126 | D:8      | Found a staircase to the Lair.
  6711 | D:8      | Found Keipec's Jewellery Boutique.
  6822 | D:8      | Noticed an elephant
  6849 | D:8      | Killed an elephant
  6849 | D:8      | Reached ** piety under Okawaru
  6850 | D:8      | Reached skill level 10 in Axes
  7243 | D:9      | Found a broken altar of Ashenzari.
  7279 | D:9      | Found a stormy altar of Qazlal.
  7295 | D:9      | Noticed Grum
  7312 | D:9      | Reached skill level 1 in Shields
  7316 | D:9      | Killed Grum
  7332 | D:9      | Reached XP level 10. HP: 49/73 MP: 12/12
  7452 | D:9      | Reached skill level 5 in Fighting
  7727 | D:9      | Reached *** piety under Okawaru
  7730 | D:9      | Noticed Prince Ribbit
  7735 | D:9      | Noticed Erolcha
  7768 | D:9      | Killed from afar by a vampire

Illustrated notes

Levels and vault maps discovered:
D:1:      dpeg_arrival_round_c, layout_loops_ring
D:2:      layout_basic, nrook_mini_vaults
D:3:      layout_loops_ring, doesnt_xom_only_xom, serial_shops, shop
D:4:      layout_cave_pools, mainiacjoe_overflow_chevrons,
          mainiacjoe_overflow_concentric_impassable, uniq_grinder
D:5:      layout_loops_ring, slow_altar_2, serial_shops, shop,
          nicolae_the_louvre
D:6:      layout_gridville, okawaru_ov_weapons_minmay,
          minmay_temple_entry_metal_lava, uniq_duvessa
D:7:      layout_basic, lemuel_doored_altar, mainiacjoe_overflow_boulevard,
          uniq_maggie, uniq_joseph
D:8:      layout_basic, david_lair_generic, serial_shops, shop
D:9:      corexii_shack_village, layout_cross,
          grunt_temple_overflow_lords_of_destruction,
          nicolae_ashenzari_skybound, kennysheep_mini_moat, uniq_erolcha,
          uniq_grum, uniq_prince_ribbit1
Temple:   hellmonk_temple_rainy

Skill      XL: |  1  2  3  4  5  6  7  8  9 10 |
---------------+-------------------------------+-----
Axes           | 3 4 5 6 7 9 10 | 10.6
Throwing       | 2 |  2.5
Armour         | 1 2 3 5 6 |  6.1
Fighting       | 3 4 5 |  5.0
Invocations    | 3 |  3.9
Shields        | 1 2 |  2.6
Dodging        | |  2.6
Stealth        | |  0.4

Action                     |  1- 3 |  4- 6 |  7- 9 | 10-12 || total
---------------------------+-------+-------+-------+-------++-------
  Melee: War axe           |    91 |   114 |   317 |    53 ||   575
         Headbutt          |    13 |    25 |    70 |    15 ||   123
         Punch             |       |     2 |     5 |       ||     7
  Throw: Dart              |       |       |    12 |       ||    12
         Throwing net      |       |       |     1 |       ||     1
    Use: Potion            |       |     6 |     1 |       ||     7
         Scroll            |       |     5 |     8 |     1 ||    14
 Armour: Leather armour    |    13 |       |       |       ||    13
         Scale mail        |    41 |    78 |   137 |       ||   256
         Swamp dragon scal |       |       |   138 |    62 ||   200
  Dodge: Dodged            |    45 |    56 |   178 |    28 ||   307
  Block: Tower shield      |       |       |    59 |    63 ||   122

Table legend: (Time is in decaauts)
 A = Elapsed time spent in this place.
 B = Non-inter-level travel time spent in this place.
 C = Inter-level travel time spent in this place.
 D = Time resting spent in this place.
 E = Time spent auto-exploring this place.
 F = Levels seen in this place.
 G = Mean time per level.
                   A        B        C        D        E       F      G
               +--------+--------+--------+--------+--------+-----+--------+
         Total |   7829 |   7496 |    333 |   1029 |   4805 |  10 |  782.9 |
       Dungeon |   7809 |   7476 |    333 |   1029 |   4805 |   9 |  867.7 |
        Temple |     19 |     19 |      0 |      0 |      0 |   1 |   19.0 |
               +--------+--------+--------+--------+--------+-----+--------+

Top non-repeatable levels by time:
     D:6: 1232 daAuts
     D:8: 1082 daAuts
     D:3: 940 daAuts
     D:5: 873 daAuts
     D:2: 858 daAuts
     D:7: 809 daAuts
     D:1: 723 daAuts
     D:9: 670 daAuts
     D:4: 617 daAuts
  Temple: 19 daAuts
